 Dungeon Crawl Stone Soup version 0.28-a0-664-gc179e30c89 (webtiles) character file.

Game seed: 11246472794958104260

91 blank1 the Slasher (level 4, -1/40 HPs)
             Began as a Minotaur Fighter on Oct 17, 2021.
             Killed from afar by an orc wizard (3 damage)
             ... with a magic dart
             ... on level 6 of the Dungeon.
             The game lasted 00:03:30 (1518 turns).

blank1 the Slasher (Minotaur Fighter)               Turns: 1518, Time: 00:03:30

Health: -1/40      AC:  7    Str: 21    XL:     4   Next: 33%
Magic:  3/3        EV: 10    Int:  5    God:
Gold:   69         SH:  4    Dex: 10    Spells: 3/3 levels left

rFire   . . .      SeeInvis .   a - +0 long sword
rCold   . . .      Faith    .   c - +0 buckler
rNeg    . . .      Spirit   .   b - +0 scale mail
rPois   .          Reflect  .   (helmet restricted)
rElec   .          Harm     .   (no cloak)
rCorr   .          Rampage  .   (no gloves)
Will    .....                   (no boots)
Stlth   ..........              (no amulet)
HPRegen 0.13/turn               (no ring)
MPRegen 0.08/turn               (no ring)

@: no status effects
A: horns 2, retaliatory headbutt
a: no special abilities


You were on level 6 of the Dungeon.
You visited 1 branch of the dungeon, and saw 4 of its levels.

You collected 69 gold pieces.

Inventory:

Hand Weapons
 a - a +0 long sword (weapon)
Armour
 b - a +0 scale mail (worn)
 c - a +0 buckler (worn)
Wands
 l - a wand of polymorph (7)
Scrolls
 f - a scroll of brand weapon {unknown}
 i - 2 scrolls of amnesia {unknown}
Potions
 d - a potion of might
 e - 2 potions of curing
 g - a potion of flight {unknown}
 h - 2 potions of brilliance {unknown}
 j - a potion of heal wounds {unknown}
 k - a potion of mutation {unknown}


   Skills:
 + Level 4.2 Fighting
 + Level 4.3 Long Blades
 - Level 4.0 Armour
 + Level 1.1 Dodging
 - Level 4.0 Shields


You had 3 spell levels left.
You didn't know any spells.
Your spell library contained the following spells:

 Spells                   Type           Power      Damage    Failure   Level
 Ensorcelled Hibernation  Hex/Ice        0%         N/A       91%         2
 Spider Form              Tmut/Pois      0%         N/A       99%         3
 Animate Armour           Summ/Erth      0%         N/A       100%        4
 Blade Hands              Tmut           0%         N/A       100%        5
 Iron Shot                Conj/Erth      0%         9d1       100%        6


Dungeon Overview and Level Annotations

Branches:
Dungeon (3/15)

Altars:
Yredelemnul

Shops:
D:2 !


Innate Abilities, Weirdness & Mutations

You have a pair of horns on your head.
You reflexively headbutt those who attack you in melee.


Message History

* * * LOW HITPOINT WARNING * * *
Okay, then.
You completely miss the orc wizard.
The orc wizard is lightly wounded.
The orc wizard hits you but does no damage.
You block something's attack.
You hit the orc wizard but do no damage.
You headbutt the orc wizard!
The orc wizard is almost dead.
The orc wizard hits you with a +0 dagger.
* * * LOW HITPOINT WARNING * * *
Something hits you but does no damage.
Unknown command.
You slash the orc wizard!
You kill the orc wizard!
You hear some strange, mumbled words.
Something tries to affect you, but you resist.
Your Dodging skill increases to level 1!
You have reached level 4!
You feel agile.
You slash something! Something hits you but does no damage.
You barely miss something. Something hits you.
* * * LOW HITPOINT WARNING * * *
You closely miss something. Something hits you.
* * * LOW HITPOINT WARNING * * *
Something hits you but does no damage.
You miss something. Something completely misses you.
You miss something.
You hear some strange, mumbled words.
Something tries to affect you, but you resist.
You closely miss something. Something hits you.
* * * LOW HITPOINT WARNING * * *
You closely miss something. Your headbutt misses something.
You hear some strange, mumbled words.
Something tries to affect you, but you resist.
You miss something.
An orc wizard appears from thin air!
Reactivating autopickup.
The orc wizard points at you and mumbles some strange words.
The magic dart hits you.
You die...

##...## #.....#
#.....# #.....#
.###.########
##...##
...........# #.###
...##.##.# #.#
#.##.##.#####.#
.###..@))........#
........o)..#######
.........####
!.######## .


You could see an orc wizard.

Vanquished Creatures
  An orc wizard (D:6)
  An adder (D:3)
  A gnoll (D:1)
  3 orcs (D:6)
  7 ball pythons
  3 bats
  2 endoplasms
  2 giant cockroaches (D:2)
  3 goblins
  3 hobgoblins (D:1)
  4 jackals (D:1)
  4 quokkas
  4 kobolds
  3 rats
41 creatures vanquished.

Notes
Turn   | Place    | Note
-------+----------+-------------------------------------------
     0 | D:1      | blank1 the Minotaur Fighter began the quest for the Orb.
     0 | D:1      | Reached XP level 1. HP: 19/19 MP: 0/0
    78 | D:1      | Reached XP level 2. HP: 27/27 MP: 1/1
   519 | D:1      | Noticed a floating eye
   521 | D:1      | Reached XP level 3. HP: 33/33 MP: 2/2
   521 | D:1      | Found a faded altar of an unknown god.
   525 | D:1      | Noticed a floating eye
   531 | D:1      | Noticed a great orb of eyes
   535 | D:1      | Noticed a golden eye
  1006 | D:2      | Found a basalt altar of Yredelemnul.
  1189 | D:2      | Found Feimnyuj's Distillery.
  1423 | D:3      | You fall into a shaft and drop 3 floors!
  1511 | D:6      | Reached skill level 1 in Dodging
  1511 | D:6      | Reached XP level 4. HP: 8/40 MP: 3/3
  1516 | D:6      | HP: 2/40 [something (3)]
  1518 | D:6      | Killed from afar by an orc wizard

Illustrated notes

Levels and vault maps discovered:
D:1:      erik_arrival_cave_to_civilisation [erik_arrival_cave_to_temple],
          layout_basic, hellmonk_ecumenical_altar_watching_god,
          nrook_mini_vaults
D:2:      layout_rooms, basic_altar, serial_shops, shop
D:3:      layout_rooms, kennysheep_generic_room_5, uniq_natasha, uniq_jessica
D:6:      layout_loops_ring, uniq_maggie

Skill      XL: |  1  2  3 |
---------------+----------+-----
Fighting       | 4 |  4.2
Shields        | 4 |  4.0
Armour         | 4 |  4.0
Long Blades    | 3 4 |  4.3
Dodging        | 1 |  1.1

Action                   |  1- 3 |  4- 6 || total
-------------------------+-------+-------++-------
Melee: Long sword        |   102 |     8 ||   110
       Headbutt          |    14 |       ||    14
  Use: Potion            |     1 |       ||     1
Armor: Scale mail        |    52 |     2 ||    54
Dodge: Dodged            |    51 |     1 ||    52
Block: Buckler           |    25 |       ||    25

Table legend: (Time is in decaauts)
 A = Elapsed time spent in this place.
 B = Non-inter-level travel time spent in this place.
 C = Inter-level travel time spent in this place.
 D = Time resting spent in this place.
 E = Time spent auto-exploring this place.
 F = Levels seen in this place.
 G = Mean time per level.
                   A        B        C        D        E       F      G
               +--------+--------+--------+--------+--------+-----+--------+
         Total |   1543 |   1472 |     71 |      0 |   1111 |   4 |  385.8 |
       Dungeon |   1543 |   1472 |     71 |      0 |   1111 |   4 |  385.8 |
               +--------+--------+--------+--------+--------+-----+--------+

Top non-repeatable levels by time:
     D:1: 897 daAuts
     D:2: 506 daAuts
     D:6: 98 daAuts
     D:3: 40 daAuts
